 Dungeon Crawl Stone Soup version 0.19-a0-414-g76fec5b (webtiles) character file.

114 Kidiri the Magician (level 4, -3/24 HPs)
             Began as a Deep Elf Fire Elementalist on May 31, 2016.
             Killed by divine providence
             ... invoked by an orc priest
              (14 damage)
             ... on level 3 of the Dungeon.
             The game lasted 00:06:50 (2393 turns).

Kidiri the Magician (Deep Elf Fire Elementalist)    Turns: 2393, Time: 00:06:51

Health: -3/24      AC:  3    Str:  5    XL:     4   Next: 66%
Magic:  1/12       EV: 13    Int: 21    God:
Gold:   218        SH:  0    Dex: 15    Spells: 4 memorised, 2 levels left

rFire  . . .     SeeInvis .     g - +2 dagger (freeze)
rCold  . . .     Gourm    .     a - +1 robe
rNeg   . . .     Faith    .     (no shield)
rPois  .         Spirit   .     (no helmet)
rElec  .         Dismiss  .     (no cloak)
rCorr  .         Reflect  .     (no gloves)
SustAt .         Harm     .     (no boots)
MR     .....                    l - amulet of rage
Stlth  ++........               (no ring)
                                (no ring)

@: not resistant to hostile enchantments, unstealthy
A: no striking features
a: Evoke Berserk Rage


You were on level 3 of the Dungeon.
You were not hungry.

You visited 1 branch of the dungeon, and saw 3 of its levels.

You collected 218 gold pieces.

Inventory:

Hand Weapons
 e - a +3 whip of freezing
 g - a +2 dagger of freezing (weapon)
Armour
 a - a +1 robe (worn)
 f - a +0 leather armour
Jewellery
 l - an amulet of rage (around neck)
Scrolls
 d - 4 scrolls of remove curse
Potions
 i - a potion of ambrosia {unknown}
 j - a potion of cure mutation {unknown}
 m - a potion of brilliance {unknown}
Books
 b - a book of Flames

   Spells                             Type                      Level
   a - Flame Tongue                   Conjuration/Fire             1
   b - Throw Flame                    Conjuration/Fire             2
   c - Conjure Flame                  Conjuration/Fire             3
   d - Inner Flame                    Hexes/Fire                   3
   e - Sticky Flame                   Conjuration/Fire             4
   f - Fireball                       Conjuration/Fire             5
Comestibles
 c - 2 bread rations
 k - 6 chunks of flesh
 n - 3 slices of pizza


   Skills:
 - Level 2.4 Dodging
 - Level 2.4 Stealth
 + Level 4.4 Spellcasting
 + Level 3.4 Conjurations
 + Level 4.0 Fire Magic


You had 2 spell levels left.
You knew the following spells:

 Your Spells              Type           Power        Failure   Level  Hunger
a - Flame Tongue          Conj/Fire      ###..        2%          1    None
b - Throw Flame           Conj/Fire      ###...       4%          2    #......
c - Conjure Flame         Conj/Fire      ###.....     10%         3    ##.....
d - Inner Flame           Hex/Fire       ##......     17%         3    ##.....


Dungeon Overview and Level Annotations

Branches:
Dungeon (3/15)

Altars:
Gozag
Hepliaklqana
Okawaru
Xom


Message History

Casting: Flame Tongue
Confirm with . or Enter, or press ? or * to list all spells.
Aiming: Flame Tongue
Press: ? - help, Shift-Dir - straight line, f - orc priest
Aim: an orc priest, wielding a flail and wearing a chain mail The flame tongue hits the orc priest.
The orc priest is moderately wounded.
The orc priest barely misses you.
You hit the orc priest. You freeze the orc priest.
The orc priest is severely wounded.
The orc priest hits you with a flail.
You barely miss the orc priest.
The orc priest is severely wounded.
The orc priest misses you.
You hit the orc priest but do no damage.
The orc priest is severely wounded.
The orc priest invokes the aid of Beogh against you.
Beogh smites you!
Ouch! That really hurt!
You die...

############ #..........#
#..........# #..........#
####.......# #.......#
#########....###########
.......@ol..............
##########....###########
....ool§..............#
.....#§##############.#
... #. #.### . #o #....
#S #...# #. #...# #.
#....


You could see an orc priest and a giant newt.

Vanquished Creatures
  4 gnolls (D:3)
  An adder (D:2)
  An ooze (D:3)
  A worm (D:3)
  2 dart slugs
  A giant gecko (D:1)
  7 orcs (D:3)
  A ball python (D:3)
  5 bats
  A giant cockroach (D:2)
  3 goblins
  8 hobgoblins
  2 quokkas
  4 giant newts
  3 kobolds
  5 rats
49 creatures vanquished.

Notes
Turn   | Place    | Note
--------------------------------------------------------------
     0 | D:1      | Kidiri the Deep Elf Fire Elementalist began the quest for the Orb.
     0 | D:1      | Reached XP level 1. HP: 10/10 MP: 6/6
   673 | D:1      | Reached XP level 2. HP: 15/15 MP: 8/8
   677 | D:1      | Learned a level 2 spell: Throw Flame
  1230 | D:2      | Reached XP level 3. HP: 9/19 MP: 2/10
  1235 | D:2      | Learned a level 3 spell: Conjure Flame
  1239 | D:2      | Learned a level 3 spell: Inner Flame
  1481 | D:2      | Found an opulent altar of Gozag.
  1481 | D:2      | Found an iron altar of Okawaru.
  2006 | D:3      | Found a shimmering altar of Xom.
  2010 | D:3      | Found a hazy altar of Hepliaklqana.
  2010 | D:3      | Noticed an insubstantial wisp
  2011 | D:3      | Noticed an insubstantial wisp
  2011 | D:3      | Noticed a spectral ugly thing
  2196 | D:3      | Reached XP level 4. HP: 24/24 MP: 2/12
  2393 | D:3      | Killed from afar by an orc priest

Vault maps used:
D:1:      zelgadis_glass_arrival_large
D:2:      gammafunk_temple_overflow_wave
D:3:      regret_index_temple_of_mockery

Skill      XL: |  1  2  3  4 |
---------------+-------------+-----
Conjurations   | 2 3 |  3.4
Spellcasting   | 4 |  4.4
Fire Magic     | 4 |  4.0
Dodging        | |  2.4
Stealth        | |  2.4

Action                   |  1- 3 |  4- 6 || total
-------------------------+-------+-------++-------
Melee: Whip              |    42 |       ||    42
       Dagger            |     1 |    10 ||    11
 Cast: Flame Tongue      |    21 |    13 ||    34
       Throw Flame       |    14 |     2 ||    16
       Conjure Flame     |     1 |     1 ||     2
       Inner Flame       |     1 |     1 ||     2
  Use: Scroll            |     8 |       ||     8
       Potion            |       |     1 ||     1
 Stab: Sleeping          |     4 |       ||     4
  Eat: Chunk             |     4 |     1 ||     5
Armor: Robe              |    10 |     3 ||    13
Dodge: Dodged            |    29 |    12 ||    41
